 Dungeon Crawl Stone Soup version 0.29-a0-1033-gb6c65ffae6 (webtiles) character file.

Game seed: 4719548177361524780

24 Newt the Ducker (level 2, -2/33 HPs)
             Began as a Demonspawn Gladiator on Aug 14, 2022.
             Slain by a goblin
             ... wielding a +0 club
              (4 damage)
             ... on level 2 of the Dungeon.
             The game lasted 00:02:30 (1117 turns).

Newt the Ducker (Demonspawn Gladiator)              Turns: 1117, Time: 00:02:31

Health: -2/33      AC:  5    Str: 14    XL:     2   Next: 79%
Magic:  2/2        EV:  9    Int:  9    God:
Gold:   16         SH:  0    Dex: 14    Spells: 1/1 levels left

rFire   . . .      SeeInvis .   a - +0 rapier
rCold   . . .      Faith    .   (no shield)
rNeg    + . .      Spirit   .   b - +0 leather armour
rPois   .          Reflect  .   c - +1 helmet
rElec   .          Harm     .   (no cloak)
rCorr   .          Rampage  .   (no gloves)
Will    .....                   (no boots)
Stlth   ..........              (no amulet)
HPRegen 0.11/turn               l - ring of positive energy
MPRegen 0.16/turn               (no ring)

@: brilliant, berserking (expiring), attractive, constricted, very quick
A: magic regeneration
a: no special abilities


You were on level 2 of the Dungeon.
You visited 1 branch of the dungeon, and saw 2 of its levels.

You collected 16 gold pieces.

Inventory:

Hand Weapons
 a - a +0 rapier (weapon)
Missiles
 d - 3 throwing nets (quivered)
 e - a javelin
Armour
 b - a +0 leather armour (worn)
 c - a +1 helmet (worn)
Jewellery
 l - a ring of positive energy (left hand)
Scrolls
 f - a scroll of teleportation {unknown}
 g - a scroll of vulnerability {unknown}
 j - a scroll of enchant armour
Potions
 k - a potion of brilliance
 m - a potion of invisibility {unknown}
 n - a potion of degeneration {unknown}


   Skills:
 - Level 2.0 Fighting
 + Level 2.7 Short Blades
 * Level 0.1(1.6) Long Blades
 - Level 1.7 Throwing
 - Level 3.0 Dodging
 - Level 2.0 Stealth


You had one spell level left.
You didn't know any spells.
Your spell library was empty.

Dungeon Overview and Level Annotations

Branches:
Dungeon (2/15)

Altars:
Vehumet

Shops:
D:1 (


Innate Abilities, Weirdness & Mutations

You regenerate magic rapidly.


Message History

The goblin is attracted toward you. The adder is attracted toward you.
The adder hisses angrily.
You hit the quokka.
The quokka is almost dead.
The bat closely misses you. x2; The bat hits you.
* * * LOW HITPOINT WARNING * * *
The goblin barely misses you.
The quokka bites you but does no damage.
The adder is attracted toward you.
You puncture the quokka!
You kill the quokka!
The bat hits you but does no damage. x2; The goblin barely misses you.
The bat is attracted toward you.
Unknown command.
You closely miss the adder. The bat hits you but does no damage. x2
The adder bites you but does no damage. The ball python closely misses you. x2
The bat is attracted toward you. x2
Unknown command.
You closely miss the adder. The bat hits you but does no damage. x3
The goblin closely misses you. The adder barely misses you.
The ball python closely misses you. The ball python barely misses you.
The bat is attracted toward you.
Unknown command.
You puncture the adder!
You kill the adder!
The bat closely misses you. The bat completely misses you.
The goblin hits you but does no damage. The bat is attracted toward you.
Training target 2.0 for Stealth reached!
Your Stealth skill increases to level 2!
You need to enable at least one skill for training.
Unknown command.
You closely miss the goblin. The bat barely misses you.
The bat closely misses you.
The ball python bites you but does no damage.
The ball python grabs you. The ball python constricts you.
* * * LOW HITPOINT WARNING * * *
A goblin comes into view. It is wielding a +0 dagger.
The goblin unwields a +0 sling.
The goblin wields a +0 dagger.
The goblin hits you but does no damage. The goblin hits you with a +0 club.
You die...

............_...#
..#
#.........g.....#
.##
#...............# .#
#.............#.## .
##......g)......##.
##
#.......#.........
#....§..######..#.
#.[.....####......
#.......#.@.b§...#
.........bgSg?....#
.............#..#..#
[^.##...#.........##
...#.........##?....
...g.##..... .....
...## #...... ....
### ...!........
..........


You could see 3 goblins, 2 bats and a ball python.

Vanquished Creatures
  An adder (D:2)
  An endoplasm (D:1)
  2 giant cockroaches (D:1)
  2 hobgoblins (D:1)
  A kobold (D:1)
  A quokka (D:2)
  3 ball pythons (D:1)
  2 bats (D:1)
  A frilled lizard (D:1)
  A rat (D:1)
15 creatures vanquished.

Notes
Turn   | Place    | Note
-------+----------+-------------------------------------------
     0 | D:1      | Newt the Demonspawn Gladiator began the quest for the Orb.
     0 | D:1      | Reached XP level 1. HP: 16/16 MP: 1/1
    75 | D:1      | Found Ydey's Antique Weapon Emporium.
   214 | D:1      | Reached skill level 3 in Dodging
   426 | D:1      | Gained mutation: You regenerate magic rapidly. [demonic
                  | ancestry]
   426 | D:1      | Reached XP level 2. HP: 22/22 MP: 2/2
   427 | D:1      | Reached skill level 1 in Stealth
   896 | D:1      | Found a faded altar of an unknown god.
  1095 | D:2      | Found a radiant altar of Vehumet.
  1117 | D:2      | Slain by a goblin

Illustrated notes

Levels and vault maps discovered:
D:1:      lightli_molten_gateway, layout_basic, serial_shops,
          nicolae_shop_advertising_works [nicolae_subvault_shop_adworks],
          hellmonk_ecumenical_altar_inner_sanctum, chequers_hall_statues_y
D:2:      layout_rooms, basic_altar

Skill      XL: |  1  2 |
---------------+-------+-----
Dodging        | 3 |  3.0
Stealth        | 2 |  2.0
Fighting       | |  2.0
Short Blades   | |  2.7
Long Blades    | |  0.1
Throwing       | |  1.7

Action                   || total
-------------------------++-------
Melee: Rapier            ||    44
  Use: Potion            ||     3
       Scroll            ||     1
 Stab: Sleeping          ||     1
Armor: Leather armour    ||    31
Dodge: Dodged            ||    60

Table legend: (Time is in decaauts)
 A = Elapsed time spent in this place.
 B = Non-inter-level travel time spent in this place.
 C = Inter-level travel time spent in this place.
 D = Time resting spent in this place.
 E = Time spent auto-exploring this place.
 F = Levels seen in this place.
 G = Mean time per level.
                   A        B        C        D        E       F      G
               +--------+--------+--------+--------+--------+-----+--------+
         Total |   1115 |   1082 |     33 |    125 |    828 |   2 |  557.5 |
       Dungeon |   1115 |   1082 |     33 |    125 |    828 |   2 |  557.5 |
               +--------+--------+--------+--------+--------+-----+--------+

Top non-repeatable levels by time:
     D:1: 1096 daAuts
     D:2: 19 daAuts
